Map: Nightscape LE

Players

qqq

  • Race: Zerg Zerg
  • Spawn Location: 1:00

Massa

  • Race: Terran Terran
  • League: Platinum
  • Spawn Location: 1:00

FoXbOw

  • Race: Terran Terran
  • Spawn Location: 7:00

RoZaT

  • Race: Terran Terran
  • League: Diamond
  • Spawn Location: 7:00

VOD

Have the link to the VOD?

Description

Time

  • Played on: Feb. 20, 2021, 4:56 p.m.
  • Length: 12:57
Show
View Real Time Build Order
Export as new Build Order

qqq Zerg 

Build Orders: Hatch First 

Get SALT Encoding   

  12  0:03  Drone  
  13  0:08  Drone  
  14  0:17  Overlord  
  14  0:46  Hatchery  
  13  0:50  Drone  
  13  0:51  Drone  
  13  0:55  Drone  
  16  1:02  Drone  
  17  1:12  Drone  
  18  1:20  Spawning Pool  
  17  1:30  Extractor  
  16  1:33  Drone x2  
  18  1:44  Drone  
  19  1:55  Drone  
  19  1:59  Drone  
  21  2:07  Queen  
  21  2:08  Queen  
  25  2:09  Drone  
  25  2:12  Drone  
  25  2:13  Extractor  
  26  2:17  Overlord  
  26  2:20  Drone  
  27  2:45  Lair  
  27  2:49  Drone  
  27  2:50  Drone x2, Roach Warren  
  29  2:53  Drone  
  29  2:57  Drone  
  31  3:01  Drone  
  32  3:12  Drone  
  33  3:13  Overlord  
  33  3:14  Drone  
  34  3:23  Drone x2  
  34  3:25  Overlord  
  36  3:32  Roach x2  
  40  3:48  Glial Reconstitution  
  40  3:51  Evolution Chamber  
  40  3:53  Roach x2  
  40  3:55  Evolution Chamber  
  42  3:59  Drone x3  
  42  4:00  Roach  
  47  4:06  Roach  
  49  4:17  Roach  
  49  4:18  Drone  
  52  4:27  Overlord  
  52  4:33  Zerg Ground Armor Level 1  
  52  4:36  Zerg Missile Weapons Level 1  
  52  4:37  Hatchery  
  51  4:43  Spore Crawler  
  50  4:47  Overseer  
  50  4:52  Spore Crawler  
  50  4:55  Roach x2  
  50  4:56  Drone x3  
  52  5:15  Drone x3  
  55  5:23  Spire  
  55  5:27  Roach x2  
  54  5:44  Drone x3  
  57  5:56  Drone x3  
  60  5:58  Extractor  
  60  6:00  Extractor, Queen  
  60  6:01  Drone  
  61  6:09  Queen  
  61  6:11  Drone x2  
  64  6:12  Drone  
  64  6:13  Overlord  
  62  6:34  Mutalisk x2  
  62  6:39  Drone x2  
  68  6:41  Drone x3  
  71  6:48  Roach  
  71  6:50  Overlord  
  64  7:09  Roach x2  
  64  7:26  Mutalisk  
  66  7:32  Overseer  
  66  7:33  Drone x3  
  66  7:35  Drone x3  
  70  7:46  Overlord x2  
  68  7:59  Mutalisk  
  68  8:32  Mutalisk  
  68  8:34  Drone x6  
  73  8:46  Infestation Pit  
  73  8:47  Spine Crawler  
  71  8:53  Extractor x2  
  69  8:59  Overlord x3  
  69  9:08  Hatchery  
  64  9:14  Hatchery  
  63  9:24  Drone x3  
  66  9:26  Mutalisk  
  66  9:27  Mutalisk x2  
  72  9:31  Zergling x2  
  72  9:32  Zergling x2  
  74  9:45  Zerg Flyer Weapons Level 1  
  74  9:46  Baneling Nest  
  74  9:47  Drone x2  
  74  9:49  Zergling x4  
  74  9:50  Zergling x4  
  79  9:58  Drone  
  80  10:07  Drone  
  81  10:16  Mutalisk x5  
  81  10:18  Zergling x2  
  81  10:20  Drone  
  93  10:28  Overseer  
  93  10:30  Hive  
  93  10:32  Hatchery, Drone x2  
  93  10:33  Drone x5  
  99  10:40  Spine Crawler x2  
  97  10:44  Hatchery, Drone  
  97  10:45  Drone x2  
  99  10:56  Spire  
  92  11:07  Roach x6  
  92  11:08  Roach x5  
  92  11:09  Drone x4  
  92  11:10  Zergling x4  
  100  11:32  Drone x5  
  103  11:33  Mutalisk x3  
  103  11:37  Extractor  
  105  11:41  Extractor  
  104  11:49  Mutalisk  
  104  11:50  Roach  
  104  11:51  Zergling x6  
  111  12:01  Mutalisk  
  107  12:02  Drone  
  107  12:03  Drone x7  
  107  12:05  Extractor  
  107  12:06  Extractor  
  104  12:11  Mutalisk  
  104  12:13  Zergling x4  
  104  12:15  Drone x4  
  106  12:17  Drone x2  
  83  12:48  Spine Crawler  
  83  12:50  Spine Crawler  
  77  12:51  Spine Crawler  
  77  12:52  Spine Crawler  
  77  12:54  Hydralisk Den  
Show
View Real Time Build Order
Export as new Build Order

Massa Terran 

Build Orders: Gas First Reaper Expand 

Get SALT Encoding   

  12  0:00  SCV  
  13  0:12  SCV  
  14  0:22  Supply Depot  
  14  0:24  SCV  
  15  0:29  Refinery  
  15  0:44  SCV  
  15  0:45  Barracks  
  16  0:56  SCV  
  17  1:08  SCV  
  18  1:20  SCV  
  19  1:35  Orbital Command  
  19  1:43  Command Center  
  19  1:44  Reaper  
  20  1:58  Supply Depot  
  20  2:03  SCV  
  20  2:07  Factory  
  21  2:15  SCV  
  22  2:23  Barracks Reactor  
  23  2:44  SCV  
  23  2:55  Orbital Command  
  23  3:03  Hellion  
  23  3:13  Marine x2  
  24  3:24  Hellion  
  24  3:26  Refinery  
  26  3:31  Marine x2  
  24  4:04  SCV x2  
  24  4:07  Hellion, Marine x2  
  26  4:16  SCV x2  
  26  4:25  Starport, Marine  
  26  4:28  SCV x2, Supply Depot  
  26  4:31  Factory Tech Lab  
  29  4:33  Marine  
  29  4:42  Marine  
  24  4:50  Marine  
  24  4:51  Engineering Bay  
  25  4:56  SCV  
  24  5:08  SCV  
  21  5:27  SCV x2  
  23  5:35  Medivac  
  21  5:39  SCV  
  21  5:40  SCV  
  20  5:46  Marine x2  
  20  5:51  SCV  
  15  5:59  SCV, Missile Turret  
  15  6:03  SCV  
  15  6:04  Marine x2  
  16  6:11  SCV  
  16  6:21  Marine x2, Missile Turret  
  17  6:38  Barracks  
  17  6:39  Barracks, Marine x2  
  19  6:44  Missile Turret  
  19  6:46  SCV x2  
  21  6:57  Marine x2  
  21  6:58  SCV x2  
  24  7:10  SCV  
  24  7:15  Marine  
  25  7:17  Missile Turret  
  23  7:24  SCV x2  
  25  7:36  SCV  
  26  7:51  Starport Tech Lab  
  22  8:22  Marine x2  
  24  8:38  Factory Tech Lab  
  24  8:40  Marine x2  
  24  8:47  SCV x2  
  26  8:57  Siege Tank  
  26  8:58  Marine  
  26  9:01  Refinery  
  26  9:02  Refinery  
  30  9:07  Supply Depot  
  30  9:09  Supply Depot  
  30  9:11  Supply Depot  
  30  9:13  Supply Depot x2  
  30  9:19  SCV x2, Marine x2  
  27  9:31  SCV  
  27  9:33  Supply Depot  
  27  9:34  Supply Depot  
  27  9:37  SCV, Supply Depot  
  26  9:43  SCV  
  27  9:49  SCV  
  28  9:55  SCV  
  28  9:56  Supply Depot  
  29  10:01  SCV, Factory  
  29  10:02  Starport  
  30  10:07  SCV  
  30  10:13  SCV  
  32  10:14  Raven  
  32  10:17  Barracks Tech Lab  
  32  10:18  Barracks Tech Lab  
  32  10:20  SCV, Command Center  
  35  10:25  SCV  
  36  10:32  SCV  
  37  10:37  SCV  
  37  10:39  Combat Shield, Stimpack  
  37  10:41  Siege Tank  
  37  10:42  Marine  
  41  10:43  Marine  
  41  10:45  Barracks  
  41  10:49  Barracks  
  43  10:53  Missile Turret  
  43  11:00  Marine x2  
  45  11:06  Siege Tank  
  48  11:18  Marine  
  48  11:19  Marauder  
  51  11:36  Marauder  
  51  11:37  Marine x2  
  55  11:40  Marauder  
  42  11:55  Marine x2  
  42  11:58  Marauder  
  44  12:02  SCV x2, Marauder  
  44  12:04  Barracks  
  44  12:05  Barracks  
  44  12:07  Barracks  
  40  12:13  Marine x2  
  40  12:14  SCV x2  
  47  12:19  Marauder, Siege Tank  
  52  12:23  Marauder  
  52  12:26  SCV x2  
Show
View Real Time Build Order
Export as new Build Order

FoXbOw Terran 

Build Orders:  

Get SALT Encoding   

  12  0:00  SCV  
  13  0:12  SCV  
  14  0:18  Supply Depot  
  14  0:25  SCV  
  15  0:39  SCV  
  16  0:44  Refinery  
  16  0:51  SCV  
  17  0:59  Barracks  
  17  1:03  Barracks  
  17  1:06  SCV  
  18  1:18  SCV  
  19  1:31  SCV  
  20  1:45  Orbital Command  
  20  1:46  Reaper  
  21  1:56  Reaper  
  22  2:05  Supply Depot  
  22  2:18  Reaper  
  23  2:26  SCV, Command Center  
  24  2:39  Reaper  
  24  2:47  SCV  
  24  2:50  Reaper  
  25  2:52  Refinery  
  25  3:06  SCV  
  26  3:19  SCV  
  27  3:21  Factory  
  27  3:31  SCV  
  28  3:43  SCV  
  29  3:55  SCV  
  29  4:01  Marine  
  27  4:18  Factory Tech Lab  
  27  4:19  Orbital Command, Marine  
  27  4:22  SCV  
  29  4:24  Command Center  
  29  4:25  Supply Depot  
  29  4:31  Factory  
  29  4:34  SCV  
  29  4:36  Marine  
  29  4:37  Siege Tank  
  34  4:40  Orbital Command  
  34  4:44  Armory  
  34  4:46  SCV  
  35  4:58  SCV  
  36  5:04  Barracks Reactor  
  36  5:08  SCV  
  36  5:09  Siege Tank  
  36  5:10  SCV  
  41  5:20  SCV  
  42  5:23  SCV  
  42  5:26  Orbital Command  
  42  5:35  SCV  
  40  5:41  Siege Tank  
  43  5:42  Supply Depot  
  43  5:45  Supply Depot  
  43  5:50  Marine  
  43  5:51  Marine x2  
  43  5:57  Orbital Command  
  46  6:02  SCV  
  46  6:03  SCV  
  48  6:10  Factory Tech Lab  
  48  6:13  Siege Tank  
  48  6:14  SCV  
  48  6:15  SCV, Engineering Bay  
  53  6:21  Refinery  
  53  6:26  SCV  
  53  6:27  SCV x2  
  53  6:31  Marine x2  
  58  6:37  Refinery  
  58  6:38  SCV  
  58  6:39  SCV x2  
  61  6:42  Siege Tank  
  61  6:44  Terran Infantry Weapons Level 1  
  64  6:50  SCV, Siege Tank  
  64  6:51  SCV x2  
  70  7:02  SCV  
  70  7:03  SCV  
  70  7:04  SCV  
  73  7:16  Siege Tank  
  73  7:20  Marine  
  73  7:21  Marine x2  
  79  7:29  Missile Turret  
  75  7:31  Missile Turret x2  
  75  7:33  Terran Vehicle Weapons Level 1  
  75  7:34  Missile Turret x2  
  75  7:37  SCV  
  75  7:38  Marine  
  75  7:41  Barracks Tech Lab  
  77  7:44  SCV x2  
  77  7:49  SCV  
  79  7:56  SCV  
  80  8:01  SCV  
  80  8:03  Thor  
  80  8:05  Orbital Command  
  84  8:08  SCV, Missile Turret  
  84  8:12  Thor, Supply Depot x2  
  90  8:13  SCV  
  90  8:14  Supply Depot  
  90  8:20  SCV  
  90  8:25  SCV  
  89  8:32  SCV  
  90  8:41  SCV  
  85  8:42  SCV  
  85  8:45  SCV  
  85  8:46  Thor  
  93  8:53  Missile Turret  
  93  8:54  Refinery, Thor, Missile Turret x2  
  93  8:55  Refinery  
  99  8:57  SCV  
  99  9:01  Sensor Tower  
  100  9:08  Armory  
  100  9:09  SCV  
  101  9:12  Factory  
  101  9:14  SCV  
  102  9:17  Factory  
  99  9:31  SCV x2  
  99  9:32  SCV  
  101  9:39  Thor  
  101  9:40  Missile Turret  
  101  9:43  SCV x2  
  101  9:44  SCV  
  110  9:54  Supply Depot  
  110  9:55  SCV  
  110  9:56  Supply Depot x2  
  110  9:58  Terran Vehicle Weapons Level 2, Supply Depot  
  110  9:59  Terran Vehicle And Ship Armor Level 1  
  111  10:00  SCV x2  
  111  10:03  Factory Reactor  
  111  10:06  Factory Tech Lab  
  113  10:08  SCV  
  113  10:12  SCV x2  
  113  10:13  Command Center  
  116  10:15  Marine  
  116  10:16  Marine  
  116  10:20  SCV  
  119  10:22  Missile Turret  
  119  10:23  Supply Depot  
  119  10:24  SCV, Supply Depot  
  119  10:25  Missile Turret  
  119  10:26  Supply Depot  
  120  10:29  SCV  
  120  10:32  SCV  
  122  10:36  SCV  
  122  10:39  Siege Tank x2  
  122  10:41  SCV, Hellion x2  
  134  10:43  Smart Servos  
  134  10:44  SCV  
  134  10:46  Infernal Pre-Igniter  
  134  10:48  SCV  
  136  10:53  SCV  
  136  10:56  SCV  
  138  11:01  SCV  
  139  11:05  SCV, Command Center  
  139  11:08  SCV  
  141  11:13  SCV  
  141  11:15  Thor x2  
  141  11:17  SCV  
  155  11:21  SCV  
  155  11:22  Sensor Tower  
  155  11:23  Missile Turret  
  156  11:30  Thor  
  162  11:34  Marine x3  
  165  11:52  Marine  
  166  11:56  Hellion x2  
  166  11:58  Thor  
  166  11:59  Hellion  
  178  12:13  Refinery  
  178  12:14  Hellion  
  180  12:17  Hellion x2  
  180  12:20  Hellion  
  199  12:46  Missile Turret  
  199  12:47  Missile Turret  
  199  12:48  Missile Turret  
  199  12:49  Missile Turret  
  199  12:51  Missile Turret  
Show
View Real Time Build Order
Export as new Build Order

RoZaT Terran 

Build Orders: 1/1/1, Banshee Rush 

Get SALT Encoding   

  12  0:00  SCV  
  13  0:12  SCV  
  14  0:17  Supply Depot  
  14  0:24  SCV  
  15  0:39  SCV  
  15  0:40  Barracks  
  16  0:48  Refinery  
  16  0:51  SCV  
  16  0:53  Refinery  
  17  1:07  SCV  
  18  1:19  SCV  
  18  1:33  Orbital Command  
  18  1:39  Factory  
  18  1:48  Supply Depot  
  18  1:59  SCV  
  19  2:11  SCV  
  20  2:22  Starport  
  20  2:23  Starport, SCV  
  20  2:24  Factory Tech Lab  
  21  2:35  SCV  
  22  2:37  Supply Depot  
  22  2:47  SCV  
  23  2:52  Factory Tech Lab  
  23  2:59  SCV  
  23  3:00  Supply Depot  
  24  3:11  SCV  
  25  3:15  Banshee  
  25  3:16  Banshee  
  31  3:21  Cloaking Field  
  31  3:23  SCV  
  32  3:28  Supply Depot  
  32  3:35  Factory Tech Lab  
  32  3:36  SCV, Marine  
  34  3:48  SCV  
  35  3:51  Supply Depot  
  35  3:54  Marine  
  36  4:06  Command Center  
  36  4:10  Banshee  
  36  4:14  Banshee  
  42  4:20  SCV  
  43  4:29  Supply Depot  
  43  4:33  SCV  
  36  5:56  Banshee  
  36  6:39  Banshee x2  
  42  6:46  SCV  
  43  6:58  SCV  
  44  7:10  SCV  
  42  7:22  SCV  
  43  7:30  Orbital Command  
  43  7:33  Engineering Bay  
  43  7:54  Viking x2  
  43  7:55  SCV  
  42  8:08  SCV  
  43  8:20  SCV  
  43  8:23  Missile Turret  
  43  8:24  Viking, Missile Turret  
  46  8:28  Siege Tank  
  46  8:30  Viking  
  46  8:32  SCV  
  46  8:33  Command Center  
  49  8:35  Refinery  
  49  8:36  Refinery  
  49  8:38  SCV, Supply Depot  
  50  8:44  SCV  
  50  8:46  Factory  
  51  8:49  Supply Depot  
  51  8:50  SCV  
  51  8:53  Supply Depot  
  51  8:54  Viking, Supply Depot  
  54  8:56  SCV, Missile Turret  
  54  8:58  Missile Turret  
  54  9:00  Viking, Siege Tank  
  60  9:03  SCV, Supply Depot  
  60  9:08  SCV  
  62  9:15  SCV  
  63  9:18  Supply Depot  
  63  9:20  SCV, Supply Depot  
  64  9:24  Viking  
  64  9:27  SCV  
  64  9:30  Viking  
  69  9:32  SCV, Siege Tank  
  73  9:41  Factory Tech Lab  
  73  9:43  Starport  
  73  9:44  SCV  
  73  9:45  Supply Depot  
  74  9:49  Refinery  
  74  9:54  Viking  
  74  9:56  SCV  
  77  10:00  Viking  
  77  10:03  SCV, Fusion Core  
  77  10:04  Siege Tank  
  83  10:07  Armory  
  83  10:08  Supply Depot  
  83  10:09  SCV  
  83  10:12  Missile Turret, Supply Depot  
  83  10:13  Orbital Command  
  84  10:15  SCV  
  84  10:17  Refinery  
  84  10:19  Missile Turret  
  84  10:20  Missile Turret  
  85  10:22  Siege Tank  
  85  10:24  Starport Reactor, Viking  
  85  10:27  Supply Depot  
  85  10:28  SCV  
  91  10:30  Viking  
  93  10:40  SCV  
  94  10:43  SCV  
  94  10:48  Missile Turret  
  95  10:50  Supply Depot  
  95  10:51  Command Center  
  95  10:54  Viking  
  95  10:56  SCV  
  98  11:07  Missile Turret  
  98  11:08  SCV  
  99  11:13  Missile Turret  
  99  11:15  Missile Turret  
  76  12:07  SCV  
  67  12:12  Viking x2  
  67  12:13  Viking x2  
  67  12:14  SCV  
  75  12:19  Missile Turret  
  75  12:22  Orbital Command  
  74  12:26  SCV  
  70  12:38  SCV  
Tags
 
Add a new tag
Caveats
  • Supply blocks, unpowered buildings, or Contaminate may cause inaccurate times.
  • Supply counts are checked every 10 seconds.